Map: Romanticide LE

Players

RagnaroK (SHIN)

  • Race: Zerg Zerg
  • Spawn Location: 5:00

Bunny - Winner!

  • Race: Terran Terran
  • Spawn Location: 11:00

Event: IEM Katowice 2021

VOD

Have the link to the VOD?

Description

Time

  • Played on: Feb. 21, 2021, 10:35 a.m.
  • Length: 10:53

All games in this series

Show
View Real Time Build Order
Export as new Build Order

RagnaroK Zerg 

Build Orders: Hatch First 

Get SALT Encoding   

  12  0:00  Drone  
  13  0:08  Drone  
  14  0:16  Overlord  
  14  0:24  Extractor, Drone  
  15  0:36  Drone  
  16  0:48  Hatchery  
  15  0:51  Drone  
  15  0:55  Drone  
  17  0:59  Drone  
  18  1:14  Spawning Pool  
  18  1:15  Drone  
  18  1:18  Drone  
  19  1:27  Drone  
  20  1:32  Extractor  
  19  1:43  Drone  
  20  1:48  Drone  
  21  2:00  Queen x2  
  27  2:01  Zergling x4  
  27  2:11  Drone  
  27  2:14  Hatchery  
  27  2:19  Overlord  
  27  2:22  Drone  
  27  2:38  Drone  
  27  2:39  Metabolic Boost  
  27  2:41  Drone  
  29  2:45  Drone  
  29  2:48  Queen  
  29  2:50  Drone  
  32  2:53  Drone  
  32  2:58  Drone  
  34  2:59  Drone  
  34  3:02  Overlord  
  35  3:12  Overlord  
  35  3:20  Drone  
  35  3:21  Drone x4  
  35  3:26  Spore Crawler  
  39  3:29  Drone x2  
  42  3:36  Queen  
  42  3:37  Queen  
  42  3:38  Drone  
  47  3:42  Drone x2  
  47  3:45  Zergling x4  
  47  3:46  Zergling x2  
  52  3:49  Overlord  
  52  3:52  Drone x2  
  52  3:54  Drone  
  55  3:56  Drone  
  55  3:58  Drone  
  55  4:01  Overlord  
  57  4:05  Overlord  
  57  4:10  Drone x4  
  57  4:14  Baneling Nest  
  57  4:16  Drone x2  
  57  4:17  Drone  
  63  4:21  Spore Crawler  
  63  4:22  Spore Crawler  
  63  4:23  Spore Crawler  
  60  4:26  Zergling x4  
  60  4:30  Queen  
  64  4:34  Overlord  
  64  4:37  Zergling x4  
  66  4:39  Drone x2  
  66  4:40  Drone  
  66  4:45  Overlord, Drone  
  69  4:46  Drone  
  69  4:48  Drone x2  
  69  4:51  Evolution Chamber  
  73  4:55  Evolution Chamber, Drone x3  
  73  4:56  Extractor x2  
  73  4:58  Queen  
  75  5:01  Drone x2  
  75  5:04  Zergling x4  
  77  5:12  Zergling x4  
  77  5:14  Zergling x4, Drone  
  81  5:18  Drone  
  81  5:19  Zerg Melee Weapons Level 1  
  81  5:21  Zerg Ground Armor Level 1  
  83  5:22  Overlord  
  83  5:23  Drone x2  
  83  5:25  Drone x2  
  83  5:27  Overlord  
  86  5:30  Drone x2  
  86  5:34  Lair  
  86  5:35  Drone  
  89  5:41  Drone x3  
  89  5:42  Baneling Nest, Drone  
  92  5:43  Drone  
  92  5:46  Baneling Nest  
  93  5:53  Extractor  
  92  5:57  Zergling x10  
  92  6:01  Hatchery  
  92  6:02  Zergling x6, Extractor  
  98  6:09  Zergling x10  
  102  6:18  Zergling x2  
  102  6:19  Zergling x6  
  106  6:26  Overlord  
  106  6:28  Hatchery  
  106  6:29  Overlord x4  
  106  6:32  Centrifical Hooks  
  104  6:35  Drone  
  104  6:39  Burrow  
  105  6:43  Baneling x10  
  105  6:45  Zergling x8  
  109  6:49  Zergling x12  
  109  6:50  Zergling x2  
  109  6:52  Zergling x2  
  117  6:58  Zergling x4  
  117  6:59  Zergling x2  
  119  7:02  Baneling x6  
  119  7:03  Zergling x4  
  119  7:04  Zergling x2  
  121  7:10  Overlord  
  121  7:11  Zergling x2  
  121  7:15  Zerg Melee Weapons Level 2  
  122  7:17  Zergling x4  
  122  7:21  Zerg Ground Armor Level 2  
  122  7:24  Drone x4  
  122  7:25  Drone x3  
  120  7:30  Zergling x10  
  121  7:39  Zergling x4  
  121  7:40  Zergling x4  
  123  7:47  Drone x2  
  123  7:48  Zergling x6, Drone  
  123  7:49  Zergling x2  
  122  7:52  Zergling x4  
  112  7:59  Zergling x4, Drone x2  
  112  8:02  Drone  
  113  8:12  Drone x2  
  115  8:13  Zergling x2, Queen  
  115  8:14  Zergling x4  
  115  8:15  Baneling x17  
  115  8:17  Drone x3  
  115  8:18  Zergling x2  
  124  8:21  Baneling x2  
  124  8:24  Drone  
  124  8:26  Zergling x2  
  124  8:27  Zergling x4  
  127  8:29  Zergling x6  
  127  8:34  Zergling x8  
  132  8:40  Zergling x4  
  116  8:44  Zergling x12  
  116  8:46  Zergling x6  
  125  8:49  Zergling x2  
  125  8:50  Infestation Pit  
  125  8:52  Zergling x2  
  125  8:55  Hatchery, Drone x3  
  124  8:57  Zergling x2  
  124  9:02  Zergling x6  
  119  9:03  Drone x2  
  119  9:07  Drone  
  119  9:08  Drone  
  119  9:10  Zergling x2  
  119  9:14  Zergling x14  
  125  9:18  Zergling x6  
  125  9:19  Baneling x2  
  125  9:23  Zergling x2  
  125  9:24  Zergling x6  
  132  9:29  Zergling x14  
  129  9:32  Hive  
  129  9:33  Zergling x2  
  129  9:37  Baneling x8  
  125  9:38  Zergling x2  
  125  9:39  Zergling x2  
  125  9:41  Pneumatized Carapace  
  125  9:43  Zergling x16  
  125  9:44  Overseer  
  126  9:45  Baneling  
  126  9:46  Baneling x7  
  126  9:48  Zergling x2  
  126  9:51  Zergling x4  
  126  9:52  Drone x3  
  132  9:54  Zergling x4  
  132  9:57  Zergling x8  
  132  9:58  Baneling x3  
  132  9:59  Baneling x2  
  138  10:00  Baneling x2  
  138  10:03  Zergling x6  
  138  10:05  Zergling x2  
  136  10:09  Zergling x10  
  136  10:14  Zergling x2  
  136  10:15  Zergling x8  
  136  10:17  Zergling x2  
  136  10:20  Baneling x9  
  137  10:21  Zergling x8  
  137  10:24  Zergling x2  
  138  10:30  Zergling x2  
  138  10:31  Zergling x6  
  138  10:33  Zergling x4  
Show
View Real Time Build Order
Export as new Build Order

Bunny Terran - Winner!

Build Orders: Liberator Opening, Reaper Expand 

Get SALT Encoding   

  12  0:00  SCV  
  13  0:12  SCV  
  14  0:17  Supply Depot  
  14  0:24  SCV  
  15  0:39  SCV  
  15  0:40  Barracks  
  15  0:42  Refinery  
  16  0:51  SCV  
  17  1:03  SCV  
  18  1:15  SCV  
  19  1:27  Reaper, Orbital Command  
  20  1:37  Command Center  
  20  1:48  Supply Depot  
  20  1:52  SCV  
  21  1:59  Marine  
  22  2:04  SCV  
  22  2:07  Factory  
  23  2:17  SCV  
  23  2:20  Barracks Reactor  
  24  2:29  SCV  
  25  2:38  Command Center  
  25  2:41  SCV  
  26  2:50  Orbital Command  
  26  2:53  SCV  
  26  2:57  Starport  
  27  3:04  Refinery  
  27  3:06  SCV  
  27  3:11  Hellion  
  27  3:12  Hellion  
  32  3:14  Marine  
  32  3:16  SCV  
  32  3:18  SCV  
  35  3:28  SCV  
  35  3:30  SCV  
  35  3:33  Hellion x2  
  40  3:38  Supply Depot  
  40  3:43  Liberator  
  40  3:44  SCV  
  40  3:45  SCV  
  45  3:48  Barracks Tech Lab  
  45  3:51  Orbital Command  
  45  3:54  Hellion  
  47  3:59  Hellion  
  47  4:00  SCV  
  47  4:01  SCV  
  51  4:07  Supply Depot  
  51  4:09  Stimpack  
  51  4:13  SCV  
  51  4:15  SCV  
  55  4:17  Hellion, Orbital Command  
  55  4:20  Hellion  
  57  4:25  SCV, Marine  
  57  4:27  SCV  
  60  4:37  SCV  
  63  4:45  SCV x2  
  63  4:48  Barracks, Marine  
  63  4:49  SCV  
  63  4:51  Factory Reactor  
  65  4:53  Engineering Bay x2  
  65  4:55  Barracks  
  65  4:57  SCV x2, Refinery  
  65  4:58  Refinery  
  67  5:01  SCV  
  68  5:09  SCV x2  
  68  5:11  Marine  
  68  5:13  SCV, Starport Reactor  
  72  5:21  SCV x2  
  74  5:25  SCV  
  74  5:26  Terran Infantry Weapons Level 1, Terran Infantry Armor Level 1  
  73  5:30  Barracks  
  73  5:31  Marine  
  73  5:32  Barracks  
  73  5:34  SCV x2  
  76  5:37  SCV, Factory Tech Lab  
  76  5:41  Supply Depot  
  77  5:49  Supply Depot  
  77  5:50  Supply Depot  
  77  5:51  Supply Depot  
  77  5:53  Combat Shield  
  77  6:02  Marine x3  
  77  6:03  SCV x2, Siege Tank  
  85  6:10  Medivac x2, SCV, Marine x2  
  92  6:12  Supply Depot  
  92  6:15  SCV x2, Refinery  
  94  6:20  Barracks Reactor x2  
  94  6:21  Marine x3  
  94  6:22  SCV, Supply Depot x2  
  98  6:27  SCV x2  
  98  6:28  Marine x2  
  102  6:34  SCV, Armory  
  102  6:35  Siege Tank  
  102  6:39  SCV x2  
  108  6:40  Medivac  
  108  6:44  Medivac  
  108  6:46  SCV  
  113  6:48  Marine x4  
  113  6:49  Marine  
  118  6:55  Supply Depot  
  118  6:56  Supply Depot x3  
  118  6:59  SCV x3  
  121  7:02  Command Center  
  121  7:04  Missile Turret  
  121  7:07  Marine x5  
  126  7:19  Marine x4  
  130  7:25  Marine x2  
  132  7:31  Marine, Siege Tank  
  132  7:32  Marine x2, Terran Infantry Weapons Level 2, Terran Infantry Armor Level 2  
  132  7:36  Medivac x2  
  132  7:37  Marine x4  
  142  7:40  SCV  
  142  7:41  SCV x2  
  144  7:45  Marine x2  
  144  7:49  Marine x3  
  149  7:53  SCV  
  149  7:54  SCV x2  
  149  7:57  Supply Depot  
  149  7:58  Supply Depot  
  137  8:05  Marine x6  
  142  8:10  Factory, Barracks  
  142  8:11  Barracks  
  142  8:12  Medivac x2, Barracks  
  146  8:18  SCV  
  146  8:19  SCV x2  
  149  8:20  Widow Mine, Drilling Claws  
  149  8:24  Marine x5  
  129  8:42  Medivac x2, Marauder, Marine x7  
  129  8:44  Widow Mine  
  129  8:47  Planetary Fortress  
  139  9:01  Marine  
  139  9:02  Marine x7  
  138  9:03  Marauder  
  138  9:04  Barracks Tech Lab  
  138  9:05  Barracks Tech Lab x2  
  137  9:13  Medivac x2  
  141  9:19  Marine  
  141  9:20  Marine x4  
  141  9:23  Marauder x3  
  151  9:25  Marauder, Marine, Factory Reactor  
  151  9:26  Marine x2  
  151  9:27  Factory Tech Lab  
  151  9:30  Siege Tank  
  159  9:37  Marine x5  
  160  9:43  Medivac x2, Marine x3  
  160  9:44  Marine  
  161  9:46  Marauder x3  
  161  9:51  Supply Depot  
  167  9:54  Siege Tank  
  167  9:56  Command Center, Marine  
  167  9:57  Marine x4  
  175  10:01  Marine  
  175  10:02  Siege Tank  
  172  10:07  Marine x6  
  177  10:14  Marine x2  
  177  10:20  Marine  
  177  10:21  Marine x3  
  177  10:25  Marine x5  
  177  10:28  Refinery  
  184  10:30  Marine  
  184  10:32  Marine x2  

Tags
 
Add a new tag
Caveats
  • Supply blocks, unpowered buildings, or Contaminate may cause inaccurate times.
  • Supply counts are checked every 10 seconds.